 Dungeon Crawl Stone Soup version 0.23.2-40-g277498a001 (webtiles) character file.

Game seed: 10011861149293666958

1143 FishyPogo the Skirmisher (level 8, -3/71 HPs)
             Began as a Minotaur Gladiator on Aug 17, 2019.
             Was a Believer of Nemelex Xobeh.
             Slain by Sigmund
             ... wielding a +3 scythe of protection
              (8 damage)
             ... on level 5 of the Dungeon.
             The game lasted 00:20:55 (5349 turns).

FishyPogo the Skirmisher (Minotaur Gladiator)       Turns: 5349, Time: 00:20:56

Health: -3/71      AC:  3    Str: 21 (24) XL:     8   Next: 15%
Magic:  10/10      EV: 14    Int:  9 (10) God:    Nemelex Xobeh [**....]
Gold:   263        SH:  0    Dex: 12 (14) Spells: 7/7 levels left

rFire    . . .     SeeInvis .   a - +0 long sword
rCold    . . .     Gourm    .   (no shield)
rNeg     . . .     Faith    .   n - +0 leather armour
rPois    .         Spirit   .   c - +0 hat
rElec    .         Reflect  .   (no cloak)
rCorr    .         Harm     .   (no gloves)
MR       .....                  (no boots)
Stlth    +.........             (no amulet)
HPRegen  0.21/turn              (no ring)
MPRegen  0.12/turn              (no ring)

@: mighty, brilliant, flying
A: retaliatory headbutt, horns 2
a: Draw Escape, Draw Destruction, Draw Summoning, Renounce Religion


You were on level 5 of the Dungeon.
You worshipped Nemelex Xobeh.
Nemelex Xobeh was pleased with you.
You were very hungry.

You visited 1 branch of the dungeon, and saw 5 of its levels.

You collected 263 gold pieces.

Inventory:

Hand Weapons
 a - a +0 long sword (weapon)
 p - a +4 dire flail of protection
Missiles
 l - 59 stones (quivered)
Armour
 c - a +0 hat (worn)
 n - a +0 leather armour (worn)
 o - a +0 robe of resistance
Wands
 b - a wand of acid (8)
 h - a wand of polymorph (5)
 u - a wand of scattershot (4)
Scrolls
 d - a scroll of random uselessness {unknown}
 e - a scroll of amnesia {unknown}
 g - 2 scrolls of blinking
 i - 6 scrolls of remove curse
 r - a scroll of identify
Potions
 k - a potion of might
 m - a potion of curing
 q - 3 potions of degeneration
Comestibles
 f - 10 rations


   Skills:
 * Level 6.4 Fighting
 + Level 5.5 Long Blades
 - Level 2.0 Throwing
 * Level 4.9 Armour
 + Level 5.7 Dodging
 + Level 4.0 Invocations


You had 7 spell levels left.
You didn't know any spells.
Your spell library was empty.

Dungeon Overview and Level Annotations

Branches:
Dungeon (5/15)
 Temple: D:4-7

Altars:
Cheibriados
Nemelex Xobeh
Trog
Yredelemnul

Annotations:
D:5 Sigmund


Innate Abilities, Weirdness & Mutations

You reflexively headbutt those who attack you in melee.
You have a pair of horns on your head.


Message History

There was something very wrong with that liquid.
You feel weakened.
You feel dopey.
You feel clumsy.
Sigmund mumbles some strange words.
Sigmund flickers and vanishes!
Deactivating autopickup; reactivate with Ctrl-A.
It was a potion of might.
You feel very mighty all of a sudden. Something hits you!
* * * LOW HITPOINT WARNING * * *
You hit something. Something barely misses you.
You barely miss something. You hit something but do no damage.
Something hits you!
* * * LOW HITPOINT WARNING * * *
It was a potion of brilliance.
You feel clever all of a sudden. Something hits you.
* * * LOW HITPOINT WARNING * * *
You barely miss something. Your headbutt misses something. Something hits you!
You die...
Your body disappears without a glow.

...........# ...
@..........# ...
...........# #.#
...........#
#.##.............# ..##
#.##.............#
.....##.##.#.###+###.###
........{.....>#.# #....
..#..##@##.#.#.#.# #....
.......)##.#.#.#.# #....
.............#.#.###.###
........................
###........###.#.###.###
#..#.###.# #.#.###.###
#.... ### #.#........
#.##. #.#......## #. #.
#.#......#


There were no monsters in sight!

Vanquished Creatures
  Eustachio (D:4)
  Edmund (D:4)
  Duvessa (D:4)
  2 eyes of draining (D:4)
  An ogre (D:4)
  Blork the orc (D:5)
  Dowan (D:4)
  An orc priest (D:4)
  2 orc wizards (D:4)
  A bullfrog skeleton (D:4)
  A worker ant (D:5)
  7 adders
  A shadow imp (D:4)
  2 adder skeletons (D:4)
  An adder zombie (D:2)
  5 worms
  A dart slug (D:4)
  3 leopard geckos
  11 orcs
  5 giant cockroaches
  8 goblins
  7 hobgoblins
  12 jackals
  7 kobolds
  3 quokkas
  3 ball pythons
  6 bats
  6 frilled lizards
  A quokka zombie (D:2)
  6 rats (D:2)
108 creatures vanquished.

Vanquished Creatures (others)
  An ice beast (D:3)
1 creature vanquished.

Grand Total: 109 creatures vanquished

Notes
Turn   | Place    | Note
-------+----------+-------------------------------------------
     0 | D:1      | FishyPogo the Minotaur Gladiator began the quest for the
                  | Orb.
     0 | D:1      | Reached XP level 1. HP: 18/18 MP: 0/0
   281 | D:1      | Reached XP level 2. HP: 25/25 MP: 1/1
   510 | D:1      | Found a sparkling altar of Nemelex Xobeh.
   931 | D:1      | Became a worshipper of Nemelex Xobeh the Trickster
   983 | D:2      | Received a gift from Nemelex Xobeh
  1114 | D:2      | Reached skill level 3 in Fighting
  1114 | D:2      | Reached skill level 1 in Armour
  1181 | D:2      | Reached XP level 3. HP: 21/31 MP: 2/2
  1282 | D:2      | Reached skill level 1 in Invocations
  1447 | D:2      | Found a faded altar of an unknown god.
  1564 | D:2      | Reached * piety under Nemelex Xobeh
  1675 | D:2      | Received a gift from Nemelex Xobeh
  1795 | D:2      | Reached XP level 4. HP: 38/38 MP: 3/3
  2320 | D:3      | Found a basalt altar of Yredelemnul.
  2327 | D:3      | Noticed an ice beast
  2337 | D:3      | Killed an ice beast
  2337 | D:3      | Reached skill level 4 in Fighting
  2337 | D:3      | Reached XP level 5. HP: 13/46 MP: 5/5
  2737 | D:3      | Found a snail-covered altar of Cheibriados.
  2857 | D:3      | Received a gift from Nemelex Xobeh
  3063 | D:3      | Reached ** piety under Nemelex Xobeh
  3497 | D:4      | Reached XP level 6. HP: 51/53 MP: 6/6
  3532 | D:4      | Noticed Edmund
  3585 | D:4      | Killed Edmund
  3585 | D:4      | Reached skill level 5 in Dodging
  3898 | D:4      | Noticed Eustachio
  3914 | D:4      | Noticed Dowan
  3936 | D:4      | Killed Dowan
  3955 | D:4      | Noticed Duvessa
  4077 | D:4      | Killed Duvessa
  4077 | D:4      | Reached skill level 5 in Fighting
  4077 | D:4      | Reached XP level 7. HP: 34/61 MP: 8/8
  4188 | D:4      | Reached skill level 5 in Long Blades
  4639 | D:4      | Received a gift from Nemelex Xobeh
  4733 | D:4      | Found a bloodstained altar of Trog.
  4905 | D:4      | Reached skill level 6 in Fighting
  5179 | D:4      | Killed Eustachio
  5179 | D:4      | Reached XP level 8. HP: 56/70 MP: 9/9
  5220 | D:5      | Entered Level 5 of the Dungeon
  5265 | D:5      | Noticed Sigmund
  5330 | D:5      | Noticed Blork the orc
  5336 | D:5      | Killed Blork the orc
  5349 | D:5      | Slain by Sigmund

Skill      XL: |  1  2  3  4  5  6  7  8 |
---------------+-------------------------+-----
Fighting       | 3 4 5 6 |  6.4
Armour         | 1 2 3 4 |  4.9
Invocations    | 1 2 3 4 |  4.0
Dodging        | 4 5 |  5.7
Long Blades    | 4 5 |  5.5
Throwing       | |  2.0

Action                   |  1- 3 |  4- 6 |  7- 9 || total
-------------------------+-------+-------+-------++-------
Melee: Long sword        |    84 |   160 |    43 ||   287
       Headbutt          |     7 |    34 |    17 ||    58
Throw: Stone             |    36 |    52 |     8 ||    96
       Throwing net      |       |     3 |     1 ||     4
 Abil: Draw Destruction  |       |     3 |     4 ||     7
       Draw Escape       |       |     1 |       ||     1
  Use: Scroll            |       |     6 |       ||     6
       Potion            |       |     3 |     4 ||     7
 Stab: Held in net/web   |       |     1 |     1 ||     2
  Eat: Chunk             |     3 |     7 |     3 ||    13
Armor: Leather armour    |    17 |     9 |     4 ||    30
       Scale mail        |       |    32 |       ||    32
Dodge: Dodged            |    55 |    99 |    24 ||   178
       Rpst.: Long sword |    15 |    30 |     6 ||    51
